 Dungeon Crawl Stone Soup version 0.29-a0-810-g3812dd5c9c (webtiles) character file.

Game seed: 16366657172161140711

1047 Colgate the Sneak (level 8, -1/46 HPs)
             Began as a Kobold Brigand on July 4, 2022.
             Was an Elder of Zin.
             Slain by an ogre
             ... wielding a +0 giant club
              (19 damage)
             ... on level 6 of the Dungeon.
             The game lasted 00:25:11 (6419 turns).

Colgate the Sneak (Kobold Brigand)                  Turns: 6419, Time: 00:25:12

Health: -1/46      AC: 13    Str:  8    XL:     8   Next: 50%
Magic:  0/12       EV: 15    Int: 13    God:    Zin [****..]
Gold:   69         SH:  0    Dex: 18    Spells: 6/13 levels left

rFire   + . .      SeeInvis .   a - +2 dagger
rCold   . . .      Faith    .   (no shield)
rNeg    . . .      Spirit   +   F - +3 leather armour {rF+}
rPois   .          Reflect  .   c - +2 helmet
rElec   .          Harm     .   G - +1 cloak
rCorr   .          Rampage  .   (no gloves)
Will    +....                   n - +1 pair of boots
Stlth   ++++......              l - amulet of guardian spirit
HPRegen 0.15/turn               I - ring of willpower
MPRegen 0.13/turn               (no ring)

@: on recite cooldown, very slightly contaminated
A: small, no large weapons, nightstalker 3
a: Renounce Religion, Recite, Vitalisation, Imprison, Donate Gold


You were on level 6 of the Dungeon.
You worshipped Zin.
Zin was greatly pleased with you.
You visited 1 branch of the dungeon, and saw 6 of its levels.

You collected 345 gold pieces.
You spent 242 gold pieces at shops.
You donated 34 gold pieces to Zin.

Inventory:

Hand Weapons
 a - a +2 dagger (weapon)
Missiles
 d - 14 poisoned darts
 e - 3 curare-tipped darts
 B - 6 atropa-tipped darts
Armour
 b - a +0 robe
 c - a +2 helmet (worn)
 n - a +1 pair of boots (worn)
 F - a +3 leather armour of fire resistance (worn)
 G - a +1 cloak (worn)
Magical Staves
 p - a staff of air
 y - a staff of earth
Jewellery
 l - an amulet of guardian spirit (around neck)
 I - a ring of willpower (left hand)
Wands
 E - a wand of flame (23)
 J - a wand of light (8)
Scrolls
 g - a scroll of blinking {@r4}
 h - a scroll of silence {unknown}
 j - 2 scrolls of vulnerability
 m - 2 scrolls of teleportation {@r3}
 o - a scroll of fog
 u - 2 scrolls of fear
 x - a scroll of noise {unknown}
 D - a scroll of summoning {unknown}
Potions
 f - 7 potions of curing {@q1}
 i - 4 potions of magic
 k - 2 potions of berserk rage
 q - a potion of resistance {unknown}
 r - a potion of lignification {unknown}
 s - 3 potions of attraction
 t - a potion of haste {unknown}
 v - a potion of heal wounds {@q2}
 w - 2 potions of degeneration
 z - 2 potions of brilliance
 A - a potion of cancellation


   Skills:
 - Level 3.0 Fighting
 - Level 4.0 Short Blades
 - Level 2.1 Throwing
 - Level 3.8 Dodging
 - Level 6.0 Stealth
 - Level 3.0 Spellcasting
 + Level 4.6 Hexes
 - Level 3.1 Ice Magic
 - Level 4.4 Invocations


You had 6 spell levels left.
You knew the following spells:

 Your Spells              Type           Power      Damage    Failure   Level
a - Passwall              Tmut/Erth      0%         N/A       45%         2
b - Ensorcelled Hibernat  Hex/Ice        24%        N/A       11%         2
c - Confusing Touch       Hex            14%        N/A       16%         3

Your spell library contained the following spells:

 Spells                   Type           Power      Damage    Failure   Level
 Slow                     Hex            56%        N/A       4%          1
 Blink                    Tloc           2%         N/A       45%         2
 Conjure Flame            Conj/Fire      1%         6-21      69%         3
 Gell's Gravitas          Tloc           1%         N/A       69%         3
 Ignite Poison            Fire/Tmut/Pois 1%         N/A       69%         3
 Lesser Beckoning         Tloc           1%         N/A       69%         3
 Mephitic Cloud           Conj/Pois/Air  1%         N/A       69%         3
 Swiftness                Air            1%         N/A       69%         3
 Teleport Other           Tloc           1%         N/A       69%         3
 Vampiric Draining        Necr           1%         2d6       69%         3
 Sticky Flame             Conj/Fire      1%         2d3       97%         4
 Freezing Cloud           Conj/Ice/Air   2%         6-21      99%         5
 Manifold Assault         Tloc           1%         N/A       100%        5


Dungeon Overview and Level Annotations

Branches:
Dungeon (6/15)
 Temple: D:4-7

Altars:
Ashenzari
Nemelex Xobeh
Zin

Shops:
D:3 !

Annotations:
D:1 syvän veden takana pottu


Innate Abilities, Weirdness & Mutations

You are small and have problems with some larger weapons.
You are completely attuned to the shadows.


Message History

No target in view!
Found a stone staircase leading up.
You see here 6 stones.
No target in view!
There is a stone staircase leading up here.
Found a stone staircase leading down.
No target in view!
f - 7 potions of curing {@q1} (gained 1)
i - 4 potions of magic (gained 1)
An ogre comes into view. It is wielding a +0 giant club.
An ogre is nearby!
An ogre is nearby!
The ogre shouts!
The ogre hits you with a +0 giant club!
An ogre is nearby!
You hit the ogre.
An ogre is nearby!
Casting: Confusing Touch (dangerous; 16% risk of failure)
Aiming: Ensorcelled Hibernation (safe; 11% risk of failure)
Aim: an ogre, wielding a +0 giant club (lightly wounded, chance to affect: 46%)
Okay, then.
You clear your throat and prepare to recite. "Zin descended from on high in a silver chariot..."
The ogre hits you with a +0 giant club!!
Casting: Ensorcelled Hibernation (safe; 11% risk of failure)
Aiming: Ensorcelled Hibernation (safe; 11% risk of failure)
Aim: an ogre, wielding a +0 giant club (lightly wounded, chance to affect: 46%)
You miscast Ensorcelled Hibernation.
You are very lightly contaminated with residual magic.
Nothing appears to happen. "...to censure the legions of the damned for their..."
The ogre is dazed by your recitation.
Casting: Ensorcelled Hibernation (safe; 11% risk of failure)
Aiming: Ensorcelled Hibernation (safe; 11% risk of failure)
Aim: an ogre, wielding a +0 giant club (lightly wounded, dazed, chance to affect: 46%)
The ogre resists with some effort. "...profanity, and thus judgement was rendered."
You finish reciting Anathema 26:4.
The ogre hits you with a +0 giant club!!
You die...

...................#
..###..#.........#.
<....#>#.####.##.#
.####..# # #.##.# .#
..# #.##.# .# #.# .#
... ...##.# .# #.#
#..##.# # #.#
#..##@# #.# #..##O#
#.###<.##.#
#####.........#
#..........####
#.#######..# #.#
#..# ####.# #..#
.....#


You could see an ogre (dazed).

Vanquished Creatures
  The ghost of Zero the Sneak, an amateur SpEE (D:3)
  An ice beast (D:5)
  2 black bears (D:5)
  A phantom (D:5)
  Blork the orc (D:4)
  A scorpion (D:4)
  Crazy Yiuf (D:4)
  3 hounds
  An orc priest (D:3)
  Ijyb (D:4)
  Natasha (thrice) (D:4)
  2 iguanas
  An orc wizard (D:3)
  5 adders
  2 dart slugs (D:2)
  6 worms
  5 orcs
  11 endoplasms
  7 giant cockroaches
  4 hobgoblins
  14 jackals
  5 quokkas
  4 ball pythons
  4 bats (D:1)
  3 frilled lizards (D:1)
  7 goblins
  4 kobolds (D:2)
  A rat (D:1)
101 creatures vanquished.

Vanquished Creatures (others)
  A plant (D:5)
1 creature vanquished.

Grand Total: 102 creatures vanquished

Notes
Turn   | Place    | Note
-------+----------+-------------------------------------------
     0 | D:1      | Colgate the Kobold Brigand began the quest for the Orb.
     0 | D:1      | Reached XP level 1. HP: 12/12 MP: 1/1
    99 | D:1      | Reached XP level 2. HP: 17/17 MP: 2/2
   583 | D:1      | Found a faded altar of an unknown god.
   629 | D:1      | Prayed at the altar of an unknown god.
   629 | D:1      | Became a worshipper of Zin the Law-Giver
   629 | D:1      | Reached * piety under Zin
   736 | D:1      | Reached XP level 3. HP: 22/22 MP: 3/3
  1291 | D:2      | Reached skill level 6 in Stealth
  1291 | D:2      | Reached XP level 4. HP: 22/28 MP: 2/4
  1367 | D:2      | Reached skill level 1 in Invocations
  1604 | D:2      | Reached ** piety under Zin
  2310 | D:3      | Reached *** piety under Zin
  2427 | D:3      | Learned a level 2 spell: Passwall
  2758 | D:3      | Reached skill level 1 in Ice Magic
  2760 | D:3      | Reached XP level 5. HP: 32/32 MP: 6/6
  2763 | D:3      | Learned a level 2 spell: Ensorcelled Hibernation
  2830 | D:3      | Found Leungy's Distillery.
  2835 | D:3      | Bought a potion of heal wounds for 55 gold pieces
  2835 | D:3      | Bought a potion of attraction for 33 gold pieces
  2835 | D:3      | Bought a potion of degeneration for 11 gold pieces
  2835 | D:3      | Bought a potion of berserk rage for 55 gold pieces
  2921 | D:3      | Reached skill level 1 in Hexes
  2944 | D:3      | Reached skill level 1 in Spellcasting
  3446 | D:3      | Found a runed translucent door.
  3447 | D:3      | Noticed Zero's ghost (amateur SpEE)
  3452 | D:3      | Killed Zero's ghost
  3453 | D:3      | Reached XP level 6. HP: 37/37 MP: 8/8
  3687 | D:4      | Noticed Blork the orc
  3690 | D:4      | Killed Blork the orc
  3803 | D:4      | Reached XP level 7. HP: 41/41 MP: 9/9
  3880 | D:4      | Reached **** piety under Zin
  4336 | D:3      | Bought a potion of cancellation for 88 gold pieces
  4413 | D:4      | Found a broken altar of Ashenzari.
  4417 | D:4      | Found a sparkling altar of Nemelex Xobeh.
  4488 | D:4      | Noticed Ijyb
  4488 | D:4      | Killed Ijyb
  4854 | D:4      | Noticed Natasha
  4858 | D:4      | Killed Natasha
  4875 | D:4      | Found a runed translucent door.
  4878 | D:4      | Noticed Crazy Yiuf
  4883 | D:4      | Killed Crazy Yiuf
  4915 | D:4      | Noticed Natasha
  4930 | D:4      | Killed Natasha
  4965 | D:4      | Noticed Natasha
  4972 | D:4      | Killed Natasha
  5236 | D:5      | Entered Level 5 of the Dungeon
  5499 | D:5      | Identified the +6 hand axe of the Insatiable Mice {pain,
                  | Str+3 SInv Stlth+}
  5526 | D:5      | Reached XP level 8. HP: 46/46 MP: 7/11
  5563 | D:5      | Learned a level 3 spell: Confusing Touch
  6419 | D:6      | Slain by an ogre

Illustrated notes

Levels and vault maps discovered:
D:1:      dpeg_arrival_stonehenge_12_columns, layout_loops_ring,
          ebering_ecumenical_altar_rust, corexii_item_surrounded_by_moat
D:2:      layout_basic, minmay_puff
D:3:      layout_basic, gammafunk_ghost_grave, serial_shops, shop,
          kennysheep_generic_room_12
D:4:      layout_gridville, amethyst_overflow_temple_binary, uniq_natasha,
          uniq_blork_the_orc, uniq_ijyb, uniq_crazy_yiuf_cottage
D:5:      layout_cave_pools, serial_bayou, serial_bayou_pond_e,
          serial_bayou_pond_e, serial_bayou_ford_a, serial_bayou_crossing
D:6:      layout_loops_ring, hangedman_minor_gate_pass

Skill      XL: |  1  2  3  4  5  6  7  8 |
---------------+-------------------------+-----
Short Blades   | 3 4 |  4.0
Fighting       | 3 |  3.0
Stealth        | 6 |  6.0
Invocations    | 2 4 |  4.4
Ice Magic      | 1 2 3 |  3.1
Hexes          | 1 3 4 |  4.6
Spellcasting   | 1 3 |  3.0
Dodging        | 3 |  3.8
Throwing       | |  2.1

Action                   |  1- 3 |  4- 6 |  7- 9 || total
-------------------------+-------+-------+-------++-------
Melee: Dagger            |    66 |   140 |   119 ||   325
       Punch             |       |       |     3 ||     3
 Cast: Passwall          |       |     3 |     3 ||     6
       Ensorcelled Hiber |       |     3 |    10 ||    13
       Confusing Touch   |       |       |     3 ||     3
Invok: Recite            |     1 |     8 |     5 ||    14
       Vitalisation      |       |       |     1 ||     1
  Use: Scroll            |       |     1 |    10 ||    11
 Stab: Sleeping          |    16 |    14 |    13 ||    43
       Distracted        |       |     1 |       ||     1
       Confused          |       |       |     5 ||     5
       Invisible         |       |       |     1 ||     1
       Paralysed         |       |       |     1 ||     1
Armor: Robe              |    12 |    35 |    18 ||    65
Dodge: Dodged            |    19 |    96 |    71 ||   186

Table legend: (Time is in decaauts)
 A = Elapsed time spent in this place.
 B = Non-inter-level travel time spent in this place.
 C = Inter-level travel time spent in this place.
 D = Time resting spent in this place.
 E = Time spent auto-exploring this place.
 F = Levels seen in this place.
 G = Mean time per level.
                   A        B        C        D        E       F      G
               +--------+--------+--------+--------+--------+-----+--------+
         Total |   6370 |   6031 |    339 |    436 |   4592 |   6 | 1061.7 |
       Dungeon |   6370 |   6031 |    339 |    436 |   4592 |   6 | 1061.7 |
               +--------+--------+--------+--------+--------+-----+--------+

Top non-repeatable levels by time:
     D:2: 1721 daAuts
     D:4: 1574 daAuts
     D:5: 1039 daAuts
     D:3: 1032 daAuts
     D:1: 923 daAuts
     D:6: 80 daAuts
